[Event "ICC Open 2015"]
[Site "Internet Chess Club"]
[Date "2015.05.29"]
[Round "4"]
[White "MBAStudent"]
[Black "savlanut"]
[Result "1-0"]
[ICCResult "Black forfeits on time"]
[WhiteElo "1743"]
[BlackElo "1203"]
[Opening "Torre attack (Tartakower variation)"]
[ECO "D03"]
[NIC "QP.06"]
[Time "14:36:15"]
[TimeControl "180+0"]

1. d4 Nf6 2. Nf3 d5 3. Bg5 h6 4. Bf4 Nc6 5. e3 e6 6. Nbd2 Bd6 7. Bxd6 cxd6
8. Bd3 O-O 9. c3 Bd7 10. Qe2 Re8 11. e4 dxe4 12. Nxe4 e5 13. Nxd6 e4 14.
Nxe4 Nxe4 15. Bxe4 Bf5 16. Nd2 Qe7 17. f3 Bg6 18. O-O f5 19. Bd5+ Bf7 20.
Qxe7 Rxe7 21. Bxf7+ Kxf7 22. Rae1 Rae8 23. Rxe7+ Rxe7 24. Kf2 b5 25. Re1 a5
26. Rxe7+ Nxe7 27. Nb3 a4 28. Nc1 Nd5 29. Nd3 g6 30. a3 Ke6 31. g3 h5 32.
Nf4+ Nxf4 33. gxf4 Kd5 34. Ke3 Kc4 35. h4 Kd5 36. Kd3 Kd6 37. c4 bxc4+ 38.
Kxc4 Kc6 39. d5+ Kd6 40. Kd4 Kc7 41. Ke5 Kb6 42. d6 Kc5 43. d7 Kc4 44. d8=Q
Kb3 45. Qg8+ Kxb2 46. Qxg6 Kxa3 47. Qxh5 Kb2 48. Qxf5 a3 49. Qe6 a2 50. Qa6
a1=Q 51. Qxa1+ Kxa1 52. f5 Kb2 53. f6 {Black forfeits on time} 1-0

[Event "ICC Open 2015"]
[Site "Internet Chess Club"]
[Date "2015.05.29"]
[Round "4"]
[White "Prof-chess"]
[Black "moonriver"]
[Result "1-0"]
[ICCResult "Black checkmated"]
[WhiteElo "2832"]
[BlackElo "1456"]
[Opening "King's pawn opening"]
[ECO "B07"]
[NIC "VO.17"]
[Time "14:36:33"]
[TimeControl "180+0"]

1. e4 d6 2. d4 c6 3. Nc3 e6 4. Nf3 Nd7 5. Bd3 Qc7 6. O-O Be7 7. Re1 Ngf6 8.
e5 dxe5 9. dxe5 Nd5 10. Ne4 O-O 11. c4 Nb4 12. Bb1 Nb6 13. b3 Rd8 14. Qe2
Qd7 15. c5 N6d5 16. Nd6 Bxd6 17. exd6 b6 18. Ne5 Qe8 19. Qh5 g6 20. Qh4 bxc5
21. a3 Na6 22. Bg5 Rxd6 23. Ng4 h5 24. Nf6+ Kf8 25. Nxe8 Kxe8 26. Qg3 Rd7
27. Be4 Nac7 28. Rad1 Kf8 29. Bf4 Ne8 30. Be5 Ng7 31. Bxd5 cxd5 32. Qg5 Nf5
33. h3 Kg8 34. g4 hxg4 35. hxg4 Nd4 36. Qf6 Nf3+ 37. Qxf3 f5 38. gxf5 gxf5
39. Qg3+ Kf7 40. Qg7+ Ke8 41. Qg8+ Ke7 42. Bf4 Bb7 43. Rxe6# {Black
checkmated} 1-0

[Event "ICC Open 2015"]
[Site "Internet Chess Club"]
[Date "2015.05.29"]
[Round "4"]
[White "Havank"]
[Black "beaupre"]
[Result "1-0"]
[ICCResult "Black resigns"]
[WhiteElo "1983"]
[BlackElo "1781"]
[Opening "Queen's pawn: Yusupov-Rubinstein system"]
[ECO "A46"]
[NIC "QP.06"]
[Time "14:37:25"]
[TimeControl "180+0"]

1. d4 Nf6 2. Nf3 e6 3. e3 c5 4. Bd3 cxd4 5. exd4 Nc6 6. O-O Be7 7. c3 d6 8.
Re1 b6 9. Nbd2 O-O 10. Qe2 Bb7 11. Ne4 Rc8 12. h3 h6 13. Bf4 Re8 14. Qd2 Kh7
15. Ng3+ g6 16. Bxh6 Ng8 17. Ng5+ Bxg5 18. Bxg5 f6 19. Qe2 Nce7 20. Qxe6
fxg5 21. Qf7+ Kh8 22. Nh5 Nf5 23. Qxg6 Rxe1+ 24. Rxe1 Qf6 25. Nxf6
{Black resigns}
1-0

[Event "ICC Open 2015"]
[Site "Internet Chess Club"]
[Date "2015.05.29"]
[Round "4"]
[White "Dictator"]
[Black "Borknagar"]
[Result "1-0"]
[ICCResult "Black resigns"]
[WhiteElo "2605"]
[BlackElo "2017"]
[Opening "QGD: 3...Nf6"]
[ECO "D35"]
[NIC "QO.16"]
[Time "14:36:28"]
[TimeControl "180+0"]

1. d4 Nf6 2. c4 e6 3. Nc3 d5 4. f3 c6 5. e3 Bd6 6. Bd3 O-O 7. Nge2 Nbd7 8.
O-O dxc4 9. Bxc4 b5 10. Bb3 a6 11. a4 Bb7 12. e4 Bb4 13. Bg5 h6 14. Bh4 Be7
15. Bf2 Re8 16. Rc1 Rc8 17. Qd2 b4 18. Nd1 c5 19. Ne3 cxd4 20. Nxd4 Nc5 21.
Nc4 Nxb3 22. Nxb3 Qxd2 23. Nbxd2 Red8 24. Nb3 Nd7 25. Nba5 Ba8 26. Rfd1 Nc5
27. Nb6 Rxd1+ 28. Rxd1 Rd8 29. Rxd8+ Bxd8 30. Nxa8 Nd3 31. Nc4 Nxf2 32. Kxf2
Kf8 33. Nab6 Bc7 34. Nd7+ Ke7 35. Nc5 a5 36. Nb7 h5 37. Nbxa5 h4 38. g3
hxg3+ 39. hxg3 f5 40. Nc6+ Kd7 41. Nxb4 fxe4 42. fxe4 Ke7 43. a5 Bb8 44. a6
Ba7+ 45. Kf3 Kd7 46. Ne5+ Kd6 47. Nbc6 Bb6 48. a7 Bxa7 49. Nxa7 Kxe5 50.
Nc6+ Kd6 51. Nd4 e5 52. Nf5+ Ke6 53. Nxg7+ Kf6 54. Nf5 Ke6 55. b4 Kf6 56. b5
{Black resigns}
1-0

[Event "ICC Open 2015"]
[Site "Internet Chess Club"]
[Date "2015.05.29"]
[Round "4"]
[White "mementogambit"]
[Black "HematiteBrown"]
[Result "0-1"]
[ICCResult "White resigns"]
[WhiteElo "1605"]
[BlackElo "2090"]
[Opening "Sicilian: closed"]
[ECO "B23"]
[NIC "SI.44"]
[Time "14:37:35"]
[TimeControl "180+0"]

1. e4 c5 2. Nc3 d6 3. g3 Nf6 4. Bg2 g6 5. d3 Bg7 6. Nh3 O-O 7. O-O Nc6 8. f4
Bg4 9. Qd2 Nd4 10. Kh1 Qd7 11. Ng1 Qc8 12. h3 Bd7 13. g4 b5 14. Nd1 a5 15.
c3 Nc6 16. Ne3 a4 17. Nf3 b4 18. d4 Nxe4 19. Qd3 Ng3+ 20. Kg1 Nxf1 21. Kxf1
cxd4 22. cxd4 a3 23. b3 Qb7 24. Bd2 e6 25. Rc1 d5 26. Ne5 Nxe5 27. fxe5 Bb5
28. Nc4 Qa6 29. Bxb4 Rfc8 {White resigns} 0-1

[Event "ICC Open 2015"]
[Site "Internet Chess Club"]
[Date "2015.05.29"]
[Round "4"]
[White "BFavre"]
[Black "dafresh"]
[Result "0-1"]
[ICCResult "White resigns"]
[WhiteElo "1712"]
[BlackElo "2240"]
[Opening "English: symmetrical variation"]
[ECO "A30"]
[NIC "EO.64"]
[Time "14:36:44"]
[TimeControl "180+0"]

1. c4 c5 2. g3 Nf6 3. Bg2 e6 4. Nf3 Be7 5. O-O O-O 6. Nc3 d6 7. e3 Nc6 8. d4
Qc7 9. b3 a6 10. d5 exd5 11. cxd5 Na5 12. e4 Bg4 13. Bb2 Nd7 14. h3 Bxf3 15.
Bxf3 Bf6 16. Qd2 b5 17. Bg2 Ne5 18. f4 Nec4 19. bxc4 Nxc4 20. Qe2 Bd4+ 21.
Kh2 Nxb2 22. Qxb2 b4 23. Nb5 axb5 24. Qe2 Bxa1 25. Rxa1 c4 26. e5 b3 27. e6
bxa2 28. Rxa2 Rxa2 29. Qxa2 c3 30. Be4 Qc4 31. Qc2 fxe6 32. Bxh7+ Kh8 33.
dxe6 Qxe6 34. f5 Qh6 35. Bg6 Qd2+ 36. Qxd2 cxd2 37. Bh5 Rxf5 38. Kg2 Rxh5
{White resigns}
0-1

[Event "ICC Open 2015"]
[Site "Internet Chess Club"]
[Date "2015.05.29"]
[Round "4"]
[White "Pantani"]
[Black "Woss"]
[Result "1-0"]
[ICCResult "Black resigns"]
[WhiteElo "3063"]
[BlackElo "2066"]
[Opening "French: Tarrasch, closed variation"]
[ECO "C05"]
[NIC "FR.16"]
[Time "14:36:43"]
[TimeControl "180+0"]

1. d4 e6 2. e4 d5 3. Nd2 Nf6 4. e5 Nfd7 5. f4 c5 6. Ngf3 Nc6 7. Nb3 c4 8.
Nbd2 b5 9. Be2 a5 10. c3 b4 11. Nf1 bxc3 12. bxc3 Be7 13. g4 h5 14. gxh5
Rxh5 15. Ng3 Rh8 16. f5 Nf8 17. Qc2 exf5 18. Nxf5 Ne6 19. Be3 Bf8 20. O-O g6
21. Ng3 Be7 22. Rf2 Ba6 23. Raf1 Qd7 24. Qd2 Ncd8 25. Ng5 Nxg5 26. Bxg5 Bxg5
27. Qxg5 Rb8 28. Bg4 Qe7 29. Rf6 Rb2 30. h4 Bb5 31. h5 gxh5 32. Nxh5 Bd7 33.
Ng7+ Kf8 34. Bxd7 Qxd7 35. e6 Qc7 36. Rxf7+ Nxf7 37. Rxf7+ Qxf7 38. exf7
Kxf7 39. Nf5 Rxa2 40. Qg7+ Ke6 {Black resigns} 1-0

[Event "ICC Open 2015"]
[Site "Internet Chess Club"]
[Date "2015.05.29"]
[Round "4"]
[White "auket40"]
[Black "JUGGERNOT"]
[Result "1-0"]
[ICCResult "Black checkmated"]
[WhiteElo "1676"]
[BlackElo "1841"]
[Opening "Queen's pawn game"]
[ECO "D02"]
[NIC "QP.08"]
[Time "14:37:11"]
[TimeControl "180+0"]

1. d4 d5 2. Nf3 e6 3. g3 Nf6 4. Bg2 Be7 5. O-O c6 6. h3 O-O 7. c4 Bd7 8. Nc3
Qc8 9. Bf4 Na6 10. Rc1 dxc4 11. Ne5 Nd5 12. e4 Nxf4 13. gxf4 f6 14. Nxc4 b5
15. Ne3 Bd6 16. Nxb5 Bb8 17. e5 fxe5 18. fxe5 Qe8 19. Nd6 Bxd6 20. exd6 Rc8
21. a3 c5 22. Qd3 cxd4 23. Qxd4 Nb8 24. Ng4 Nc6 25. Qd3 e5 26. Bd5+ Kh8 27.
Be4 g6 28. b4 Rf4 29. f3 Nd4 30. Rxc8 Qxc8 31. Nxe5 Ne6 32. Nxd7 Qxd7 33.
Qc3+ Ng7 34. Qe5 Rf8 35. Rc1 Rd8 36. Rc7 Qxh3 37. Qxg7# {Black checkmated}
1-0

[Event "ICC Open 2015"]
[Site "Internet Chess Club"]
[Date "2015.05.29"]
[Round "4"]
[White "BlitzPawn94"]
[Black "magnuswizard"]
[Result "1-0"]
[ICCResult "Black checkmated"]
[WhiteElo "2652"]
[BlackElo "2052"]
[Opening "Nimzovich-Larsen attack: English variation"]
[ECO "A01"]
[NIC "VO.08"]
[Time "14:36:11"]
[TimeControl "180+0"]

1. b3 c5 2. Bb2 Nc6 3. Nf3 e6 4. e3 d5 5. Bb5 Bd7 6. Bxc6 Bxc6 7. O-O Nf6 8.
Ne5 Rc8 9. f4 Be7 10. d3 O-O 11. Nd2 b5 12. Nxc6 Rxc6 13. Nf3 Rc8 14. Ne5 c4
15. dxc4 bxc4 16. Bd4 Ne4 17. Bxa7 cxb3 18. cxb3 Bc5 19. Bxc5 Rxc5 20. a4
Rc3 21. Re1 f6 22. Nd3 Qb6 23. b4 d4 24. a5 Qa7 25. b5 dxe3 26. b6 Qd7 27.
Nb4 Nd2 28. Nc2 Qd3 29. Nxe3 Rd8 30. Qe2 Qe4 31. Nf1 Qd4+ 32. Kh1 e5 33.
fxe5 Nxf1 34. Rxf1 fxe5 35. b7 Rd3 36. a6 Rd2 37. Qf3 h6 38. a7 e4 39. Qf7+
Kh8 40. a8=Q Rxg2 41. Qxd8+ Qxd8 42. Qf8+ Qxf8 43. Rxf8+ Kh7 44. Kxg2 e3 45.
b8=Q e2 46. Rh8+ Kg6 47. Ra6+ Kg5 48. Qe5+ Kh4 49. Kf2 g5 50. Kxe2 Kg4 51.
Ke3 h5 52. Qe4+ Kh3 53. Rxh5# {Black checkmated} 1-0

[Event "ICC Open 2015"]
[Site "Internet Chess Club"]
[Date "2015.05.29"]
[Round "4"]
[White "HPG1947"]
[Black "nadalthegreat"]
[Result "0-1"]
[ICCResult "White forfeits on time"]
[WhiteElo "1762"]
[BlackElo "1555"]
[Opening "Réti: King's Indian attack"]
[ECO "A05"]
[NIC "QP.11"]
[Time "14:36:50"]
[TimeControl "180+0"]

1. Nf3 Nf6 2. g3 g6 3. Bg2 Bg7 4. O-O O-O 5. d4 d6 6. Nc3 Nbd7 7. e4 c5 8.
d5 Nb6 9. h3 e6 10. dxe6 Bxe6 11. Bf4 d5 12. e5 Nfd7 13. Re1 d4 14. Ne4 Nd5
15. Bg5 Qc7 16. Nd6 Nxe5 17. Nxe5 Qxd6 18. Nc4 Qc7 19. a4 Nb4 20. b3 Bf5 21.
Rc1 Rae8 22. Qd2 Qd7 23. Ne5 Bxe5 24. Bh6 Bg7 25. Bxg7 Kxg7 26. c3 Rxe1+ 27.
Rxe1 Nc6 {White forfeits on time} 0-1

[Event "ICC Open 2015"]
[Site "Internet Chess Club"]
[Date "2015.05.29"]
[Round "4"]
[White "DroolingBaby"]
[Black "QuezadaY"]
[Result "0-1"]
[ICCResult "White resigns"]
[WhiteElo "2196"]
[BlackElo "3351"]
[Opening "Bogo-Indian defense, Grünfeld variation"]
[ECO "E11"]
[NIC "QI.01"]
[Time "14:36:59"]
[TimeControl "180+0"]

1. d4 Nf6 2. c4 e6 3. Nf3 Bb4+ 4. Nbd2 O-O 5. a3 Be7 6. e4 d6 7. g3 c5 8. d5
Nbd7 9. b3 Re8 10. Bg2 exd5 11. cxd5 Nxd5 12. O-O Nc3 13. Qc2 Ne2+ 14. Kh1
Nxc1 15. Raxc1 Qc7 16. a4 b6 17. Nc4 Bb7 18. Rcd1 Nf6 19. Ng5 h6 20. Nh3 Bf8
21. f3 d5 22. exd5 Nxd5 23. f4 Nb4 24. Qb2 Rad8 25. Ne5 Nc6 26. Rxd8 Rxd8
27. Nf2 Nxe5 28. fxe5 Bxg2+ 29. Kxg2 Qc6+ 30. Kg1 c4 31. bxc4 Qxc4 32. Re1
Bc5 33. e6 fxe6 34. Qe2 {White resigns} 0-1

[Event "ICC Open 2015"]
[Site "Internet Chess Club"]
[Date "2015.05.29"]
[Round "4"]
[White "OptimusMagister"]
[Black "Babaliyev"]
[Result "1-0"]
[ICCResult "Black checkmated"]
[WhiteElo "2251"]
[BlackElo "1929"]
[Opening "Sicilian: Grand Prix attack"]
[ECO "B23"]
[NIC "SI.44"]
[Time "14:36:28"]
[TimeControl "180+0"]

1. Nc3 c5 2. e4 Nc6 3. f4 e6 4. Nf3 g6 5. g4 Bg7 6. d3 Nge7 7. Bg2 Nd4 8. g5
Nec6 9. O-O Nxf3+ 10. Qxf3 Nd4 11. Qf2 h5 12. e5 d5 13. exd6 Qxd6 14. Ne4
Qe7 15. c3 Nf5 16. Qxc5 Qxc5+ 17. Nxc5 O-O 18. d4 Rb8 19. Nd3 b6 20. Ne5
Bxe5 21. dxe5 Bb7 22. Bh3 Ne7 23. Be3 Rfd8 24. Rfd1 Nd5 25. Kf2 Kg7 26. Rd2
Ne7 27. Rad1 Rxd2+ 28. Rxd2 Bd5 29. b3 b5 30. Bxa7 Ra8 31. Bc5 Nc6 32. Ke3
Rc8 33. Bd6 Ra8 34. Bf1 Na7 35. c4 bxc4 36. bxc4 Bc6 37. Rb2 Nc8 38. Rb8
Rxb8 39. Bxb8 Nb6 40. Kd4 Ba4 41. Bd6 Nd7 42. c5 Bc6 43. Bc4 f6 44. h4 fxg5
45. fxg5 Kf7 46. Bb3 Nf8 47. Bxf8 Kxf8 48. a4 Ke7 49. a5 Bb5 50. Bc4 Bc6 51.
a6 Kd7 52. Bd3 Bf3 53. Bxg6 Ke7 54. Be4 Bxe4 55. Kxe4 Kd7 56. a7 Kc6 57.
a8=Q+ Kxc5 58. g6 Kc4 59. g7 Kc3 60. g8=Q Kd2 61. Qg3 Ke2 62. Qa2+ Kf1 63.
Qgf2# {Black checkmated} 1-0

[Event "ICC Open 2015"]
[Site "Internet Chess Club"]
[Date "2015.05.29"]
[Round "4"]
[White "BORIS-51"]
[Black "Psycho-Cowboy"]
[Result "1-0"]
[ICCResult "Black resigns"]
[WhiteElo "2050"]
[BlackElo "2400"]
[Opening "French: Winawer, Alekhine (Maróczy) gambit"]
[ECO "C15"]
[NIC "FR.08"]
[Time "14:37:03"]
[TimeControl "180+0"]

1. e4 e6 2. d4 d5 3. Nc3 Bb4 4. Ne2 Nc6 5. a3 Ba5 6. exd5 exd5 7. Bf4 Nf6 8.
f3 O-O 9. Qd2 Re8 10. O-O-O b5 11. Kb1 b4 12. axb4 Bxb4 13. Nc1 Rb8 14. N1a2
Ba3 15. b3 a5 16. Nb5 Bd6 17. Bxd6 cxd6 18. Nac3 Bf5 19. Bd3 Bxd3 20. Qxd3
Nb4 21. Qd2 a4 22. bxa4 Qa5 23. Kb2 Rec8 24. Ra1 Rc4 25. Rhb1 Nc6 26. Kc1
Rd8 27. Rb3 Qa8 28. Rba3 Na5 29. Nc7 Qc8 30. N7xd5 Nxd5 31. Nxd5 Qf5 32. Ne3
Qe6 33. Qxa5 Rxd4 34. Qxd8+ {Black resigns} 1-0

[Event "ICC Open 2015"]
[Site "Internet Chess Club"]
[Date "2015.05.29"]
[Round "4"]
[White "Torek9M"]
[Black "a-man"]
[Result "0-1"]
[ICCResult "White forfeits on time"]
[WhiteElo "1171"]
[BlackElo "1506"]
[Opening "Ponziani opening"]
[ECO "C44"]
[NIC "KP.05"]
[Time "14:36:59"]
[TimeControl "180+0"]

1. e4 e5 2. Nf3 Nc6 3. c3 Bc5 4. d3 Nf6 5. h3 O-O 6. Be2 d6 7. O-O b6 8. a4
Bb7 9. b4 Bxb4 10. cxb4 Nxb4 11. Nc3 c6 12. Bg5 h6 13. Bh4 d5 14. exd5 cxd5
15. Qb3 d4 16. Ne4 Nxe4 17. Bxd8 Raxd8 18. dxe4 Bxe4 19. Qxb4 d3 20. Bd1 Bb7
21. Nxe5 Rfe8 22. Qf4 Bd5 23. Bh5 g6 24. Bf3 Bxf3 25. Nxf3 d2 26. Nxd2 Re7
27. Ne4 f5 28. Nf6+ Kf7 29. Nh7 Rh8 30. Qc4+ Kg7 {White forfeits on time}
0-1

[Event "ICC Open 2015"]
[Site "Internet Chess Club"]
[Date "2015.05.29"]
[Round "4"]
[White "Ramanip15"]
[Black "Estocolmov"]
[Result "0-1"]
[ICCResult "White resigns"]
[WhiteElo "1904"]
[BlackElo "2243"]
[Opening "Queen's pawn game"]
[ECO "D02"]
[NIC "QP.09"]
[Time "14:37:38"]
[TimeControl "180+0"]

1. Nf3 d5 2. d4 e6 3. c4 c6 4. Nc3 f5 5. g3 Nf6 6. Bg2 Bd6 7. O-O O-O 8. Bf4
Bxf4 9. gxf4 Ne4 10. Nxe4 fxe4 11. Ne5 Rxf4 12. e3 Rf8 13. Kh1 Nd7 14. Qh5
Nxe5 15. Qxe5 Qf6 16. Qd6 e5 17. Qxe5 Qxe5 18. dxe5 Re8 19. cxd5 cxd5 20. f3
Rxe5 21. fxe4 dxe4 22. Rad1 Be6 23. Rd4 Bxa2 24. Bxe4 Rxe4 25. Rd7 Rxe3 26.
Rfd1 Rae8 27. Rxb7 Re1+ 28. Rxe1 Rxe1+ 29. Kg2 Bd5+ {White resigns} 0-1

[Event "ICC Open 2015"]
[Site "Internet Chess Club"]
[Date "2015.05.29"]
[Round "4"]
[White "muisback"]
[Black "Durarbeyli"]
[Result "1-0"]
[ICCResult "Black resigns"]
[WhiteElo "3120"]
[BlackElo "2825"]
[Opening "Giuoco Pianissimo"]
[ECO "C50"]
[NIC "IG.02"]
[Time "14:36:18"]
[TimeControl "180+0"]

1. e4 e5 2. Bc4 Nc6 3. Nf3 Bc5 4. d3 Nf6 5. c3 d6 6. Bb3 Bb6 7. O-O h6 8.
Re1 O-O 9. Nbd2 Re8 10. Nf1 Be6 11. Ng3 Qd7 12. h3 Rad8 13. Qe2 Bxb3 14.
axb3 d5 15. b4 a6 16. Nf5 dxe4 17. dxe4 Qe6 18. N3h4 Ne7 19. Qf3 Ng6 20. Be3
Bxe3 21. Rxe3 Rd2 22. Rd1 Red8 23. Rxd2 Rxd2 24. Rd3 Rxb2 25. Qg3 Kh7 26.
Qf3 b6 27. Rd8 a5 28. Nxg6 fxg6 29. Ne3 axb4 30. cxb4 Rxb4 31. Nd5 Nxd5 32.
Qf8 g5 33. exd5 Rb1+ 34. Kh2 Qf6 35. Qg8+ Kg6 36. Rf8 Qe7 37. Re8 Qd7 38.
Re6+ Kf5 39. Qh7+ Kf4 40. Qxb1 Qxd5 41. g3+ Kf3 42. Qf5+ {Black resigns} 1-0

[Event "ICC Open 2015"]
[Site "Internet Chess Club"]
[Date "2015.05.29"]
[Round "4"]
[White "Dodgy"]
[Black "nihil95"]
[Result "1-0"]
[ICCResult "Black resigns"]
[WhiteElo "2171"]
[BlackElo "1694"]
[Opening "Queen's Pawn"]
[ECO "A41"]
[NIC "KI.75"]
[Time "14:36:59"]
[TimeControl "180+0"]

1. d4 d6 2. Nf3 c6 3. c4 g6 4. g3 Bg7 5. Bg2 Nf6 6. Nc3 O-O 7. O-O Qc7 8. e4
e5 9. Re1 a6 10. h3 Nbd7 11. Bg5 b5 12. b3 b4 13. Na4 c5 14. d5 Nb6 15. Nb2
Qe7 16. Qd2 a5 17. a3 Nbd7 18. axb4 cxb4 19. Nd3 Bb7 20. Rec1 Nc5 21. Nxc5
dxc5 22. Qb2 Rfe8 23. Nd2 Qd6 24. Be3 Nh5 25. Nf1 f5 26. exf5 gxf5 27. Qe2
Nf6 28. Ra2 e4 29. Bf4 Qe7 30. Rca1 Nd7 31. Rd1 Ne5 32. Ne3 Qf6 33. h4 Bf8
34. Rda1 Nd3 35. Bg5 Qe5 36. Rxa5 Rxa5 37. Rxa5 h6 38. Ra7 Bc8 39. Qh5 Bg7
40. Bxh6 Re7 41. Ra8 Re8 42. Bxg7 Kxg7 43. Nxf5+ Kf6 44. Qg5+ Kf7 45. Ra7+
{Black resigns}
1-0

[Event "ICC Open 2015"]
[Site "Internet Chess Club"]
[Date "2015.05.29"]
[Round "4"]
[White "Shadeath"]
[Black "Yule"]
[Result "1-0"]
[ICCResult "Black resigns"]
[WhiteElo "3013"]
[BlackElo "2623"]
[Opening "Sicilian: Alapin's variation (2.c3)"]
[ECO "B22"]
[NIC "SI.46"]
[Time "14:37:23"]
[TimeControl "180+0"]

1. e4 c5 2. c3 d5 3. exd5 Qxd5 4. d4 Nf6 5. Nf3 Bg4 6. dxc5 Qxc5 7. h3 Bh5
8. Be3 Qc7 9. Na3 a6 10. Qa4+ Nc6 11. Bf4 Qc8 12. Ne5 e6 13. Nxc6 bxc6 14.
Nc4 Bc5 15. Nd6+ Bxd6 16. Bxd6 Nd5 17. Qh4 Bg6 18. Be2 f6 19. O-O Kf7 20. c4
Ne7 21. Bxe7 Kxe7 22. Rfe1 Re8 23. Bg4 Kf7 24. Re2 Ra7 25. Rae1 Rae7 26. Qg3
c5 27. h4 h5 28. Bh3 Qc6 29. Qc3 e5 30. g3 Kg8 31. Bg2 Qc7 32. Bd5+ Kh7 33.
a3 f5 34. b4 e4 35. Qe3 cxb4 36. axb4 Rf8 37. Qg5 Qd6 38. Qd2 f4 39. Bg8+
Kxg8 40. Qxd6 {Black resigns} 1-0

[Event "ICC Open 2015"]
[Site "Internet Chess Club"]
[Date "2015.05.29"]
[Round "4"]
[White "LittlePeasant"]
[Black "Spirals"]
[Result "1-0"]
[ICCResult "Black checkmated"]
[WhiteElo "2832"]
[BlackElo "2168"]
[Opening "QGD semi-Slav: 5...Nd7"]
[ECO "D45"]
[NIC "SL.08"]
[Time "14:36:13"]
[TimeControl "180+0"]

1. Nf3 d5 2. c4 c6 3. d4 Nf6 4. Nc3 e6 5. e3 Nbd7 6. b3 Bb4 7. Bd2 O-O 8.
Bd3 b6 9. O-O a5 10. Qc2 h6 11. Rad1 Bb7 12. Bc1 Bxc3 13. Qxc3 Qe7 14. Bb2
Rfc8 15. Rfe1 Qb4 16. Qc1 Qe7 17. Qa1 c5 18. dxc5 Nxc5 19. Be2 dxc4 20. Bxc4
Rd8 21. Ne5 Rxd1 22. Rxd1 Rd8 23. Bd4 Ba8 24. f3 Bb7 25. Rd2 Nfd7 26. Nxd7
Rxd7 27. Bxc5 bxc5 28. Qd1 Rxd2 29. Qxd2 Qc7 30. h3 g6 31. Kf2 h5 32. e4 Bc6
33. h4 Kf8 34. Qg5 Qd6 35. Ke2 Qd4 36. Qd2 Qxd2+ 37. Kxd2 e5 38. Kc3 Ke7 39.
Ba6 Kd6 40. Bc4 Be8 41. Bd5 f6 42. Kc4 g5 43. g3 gxh4 44. gxh4 Bg6 45. Kb5
f5 46. Kxa5 fxe4 47. fxe4 Be8 48. Kb6 Bd7 49. a4 c4 50. Bxc4 Bc6 51. Bd3 Bd7
52. a5 Be6 53. a6 Bxb3 54. a7 Bd5 55. exd5 Kxd5 56. a8=Q+ Kd4 57. Qe4+ Kc3
58. Kc5 Kd2 59. Qe2+ Kc3 60. Qc2# {Black checkmated} 1-0

[Event "ICC Open 2015"]
[Site "Internet Chess Club"]
[Date "2015.05.29"]
[Round "4"]
[White "ikica"]
[Black "FedoseevVl95"]
[Result "0-1"]
[ICCResult "White checkmated"]
[WhiteElo "2839"]
[BlackElo "3124"]
[Opening "King's Indian: fianchetto, classical variation, 8.e4"]
[ECO "E68"]
[NIC "KI.63"]
[Time "14:36:20"]
[TimeControl "180+0"]

1. d4 Nf6 2. c4 g6 3. g3 Bg7 4. Bg2 O-O 5. Nf3 d6 6. Nc3 Nbd7 7. O-O e5 8.
e4 c6 9. Be3 Qe7 10. h3 Re8 11. Re1 h6 12. Qd2 Kh7 13. Rad1 b6 14. b3 Bb7
15. Qb2 Rad8 16. Qa3 Ra8 17. d5 c5 18. Qc1 a6 19. a4 Qd8 20. Qc2 Rf8 21. Bf1
Ne8 22. Nh4 Nc7 23. Ng2 Rb8 24. Bd3 Bc8 25. Kh2 Nf6 26. f4 exf4 27. gxf4 Nh5
28. Bc1 Bd7 29. Ne2 b5 30. Ng1 bxa4 31. bxa4 Rb4 32. e5 Bxa4 33. Qe2 Bxd1
34. Rxd1 dxe5 35. Qxh5 e4 36. Bxe4 f5 37. Qe2 fxe4 38. Qxe4 Ne8 39. Nf3 Nd6
40. Qd3 Rxc4 41. Ne5 Bxe5 42. fxe5 Rd4 43. Qe2 Nf5 44. d6 Re8 45. Bf4 Nxd6
46. Rxd4 cxd4 47. Qxa6 Nf5 48. Qb7+ Re7 49. Qe4 d3 50. h4 d2 51. h5 d1=Q 52.
hxg6+ Kg7 53. Qxf5 Q8d7 54. Qf6+ Kg8 55. Nh4 Qe2+ 56. Kg3 Qdg4#
{White checkmated}
0-1

[Event "ICC Open 2015"]
[Site "Internet Chess Club"]
[Date "2015.05.29"]
[Round "4"]
[White "Reinerg"]
[Black "jaybird"]
[Result "0-1"]
[ICCResult "White forfeits on time"]
[WhiteElo "1328"]
[BlackElo "1509"]
[Opening "French: Winawer, classical variation"]
[ECO "C18"]
[NIC "FR.11"]
[Time "14:37:02"]
[TimeControl "180+0"]

1. e4 e6 2. d4 d5 3. Nc3 Bb4 4. e5 c5 5. a3 Bxc3+ 6. bxc3 Qc7 7. Nf3 Nc6 8.
Be3 Qa5 9. Qd2 cxd4 10. cxd4 Qxd2+ 11. Bxd2 Nge7 12. Bb5 Bd7 13. Bxc6 Nxc6
14. O-O O-O 15. c3 Rfc8 16. Rfc1 Na5 17. Bg5 Nb3 18. Rab1 Nxc1 19. Bxc1 b6
20. h3 Rxc3 21. Bb2 Rc2 22. Ne1 Rc4 23. Kf1 Rac8 24. g4 Bb5 25. Kg1 h6 26.
Kg2 Ba4 27. Kg3 Bc2 28. Nxc2 Rxc2 29. f4 Re2 30. Ba1 Rcc2 31. Kh4 Ra2 32. g5
hxg5+ 33. fxg5 Rxa3 34. Kh5 Rxh3+ {White forfeits on time} 0-1

[Event "ICC Open 2015"]
[Site "Internet Chess Club"]
[Date "2015.05.29"]
[Round "4"]
[White "PITCHUS"]
[Black "Tunkki"]
[Result "1-0"]
[ICCResult "Black forfeits on time"]
[WhiteElo "1820"]
[BlackElo "1799"]
[Opening "Réti opening"]
[ECO "A04"]
[NIC "QP.11"]
[Time "14:36:33"]
[TimeControl "180+0"]

1. Nf3 c6 2. g3 d5 3. Bg2 Nf6 4. O-O Nbd7 5. c4 e6 6. cxd5 exd5 7. d4 Bd6 8.
Nc3 Qe7 9. a3 O-O 10. Bf4 Re8 11. Bxd6 Qxd6 12. e3 Nf8 13. b4 Bg4 14. b5 Ne4
15. Qc2 Nxc3 16. Qxc3 cxb5 17. Ne5 Be6 18. Qb3 a6 19. a4 b4 20. a5 b5 21.
Nd3 Rac8 22. Nxb4 Rc4 23. Nd3 Nd7 24. Nf4 Rec8 25. h4 h6 26. Qd1 Nf6 27. Qf3
Rc2 28. Nh5 Nxh5 29. Qxh5 b4 30. g4 b3 31. g5 hxg5 32. Qxg5 b2 33. Rab1 Qa3
34. h5 Rc1 35. h6 Rxf1+ 36. Bxf1 g6 37. Qf6 Qf8 38. Rxb2 Qxh6 39. Rb6 Qh5
40. Rxe6 Qg4+ 41. Kh2 Qxe6 42. Qf3 Kg7 43. Bh3 Rh8 44. Kg2 Qf6 45. Qg4
{Black forfeits on time}
1-0

[Event "ICC Open 2015"]
[Site "Internet Chess Club"]
[Date "2015.05.29"]
[Round "4"]
[White "Piranha"]
[Black "Samset0304"]
[Result "1-0"]
[ICCResult "Black forfeits on time"]
[WhiteElo "1838"]
[BlackElo "1694"]
[Opening "French: Marshall variation"]
[ECO "C10"]
[NIC "FR.04"]
[Time "14:36:28"]
[TimeControl "180+0"]

1. e4 e6 2. d4 d5 3. Nc3 c5 4. exd5 exd5 5. Bb5+ Nc6 6. Nf3 Qb6 7. O-O Be7
8. Nxd5 Qa5 9. Bd2 Qd8 10. c4 Nf6 11. Nxe7 Kxe7 12. d5 Nd4 13. Nxd4 cxd4 14.
Bg5 Bg4 15. Qxg4 a6 16. Ba4 Qa5 17. Qd7+ Kf8 18. Bxf6 gxf6 19. Rfe1 Kg7 20.
Qg4+ Kf8 21. Bc2 Qd2 22. Bf5 Qxb2 23. Rab1 Qxa2 24. Rxb7 Qxc4 25. Qh4 Qxd5
26. Qh6+ Kg8 27. Rbe7 Rf8 28. Qxf6 d3 29. Bxd3 Qxd3 30. R7e3 Qg6 31. Rg3
{Black forfeits on time}
1-0

[Event "ICC Open 2015"]
[Site "Internet Chess Club"]
[Date "2015.05.29"]
[Round "4"]
[White "Chisel"]
[Black "pvchandu"]
[Result "1-0"]
[ICCResult "Black forfeits on time"]
[WhiteElo "1705"]
[BlackElo "1499"]
[Opening "Scandinavian defense"]
[ECO "B01"]
[NIC "SD.03"]
[Time "14:37:35"]
[TimeControl "180+0"]

1. e4 d5 2. exd5 Nf6 3. Nc3 c6 4. Nf3 cxd5 5. d4 Nc6 6. Bd3 Bg4 7. O-O h6 8.
Be3 e6 9. h3 Bh5 10. g4 Bg6 11. Bxg6 fxg6 12. Qd3 Ne7 13. Ne5 g5 14. f4 Nd7
15. fxg5 Nxe5 16. dxe5 hxg5 17. Bxg5 Rc8 18. Nb5 Qd7 19. Nd6+ Kd8 20. Nf7+
Ke8 21. Nxh8 Qc7 22. Bxe7 Bxe7 23. Ng6 Bc5+ 24. Kg2 Qc6 25. Kg3 Qb6 26. Rf4
Rc7 27. Raf1 Kd7 28. Rf7+ Kc6 29. Rxc7+ {Black forfeits on time} 1-0